 Dungeon Crawl Stone Soup version 0.28.0-43-g3370ac3207 (webtiles) character file.

Game seed: 12776541690955443892

63 terff the Chopper (level 3, -3/28 HPs)
             Began as a Demonspawn Gladiator on Mar 19, 2022.
             Killed from afar by an orc wizard (6 damage)
             ... with a puff of flame
             ... on level 3 of the Dungeon.
             The game lasted 00:09:35 (1514 turns).

terff the Chopper (Demonspawn Gladiator)            Turns: 1514, Time: 00:09:37

Health: -3/28      AC: 11    Str: 14    XL:     3   Next: 89%
Magic:  3/3        EV:  7    Int:  9    God:
Gold:   82         SH:  0    Dex: 16    Spells: 2/2 levels left

rFire   . . .      SeeInvis .   a - +0 war axe
rCold   . . .      Faith    .   (no shield)
rNeg    . . .      Spirit   .   f - +1 chain mail
rPois   .          Reflect  .   c - +0 helmet
rElec   .          Harm     .   (no cloak)
rCorr   +          Rampage  .   (no gloves)
Will    .....                   e - +0 pair of boots
Stlth   ..........              (no amulet)
HPRegen 0.09/turn               j - ring of resist corrosion
MPRegen 0.08/turn               (no ring)

@: no status effects
A: demonic guardian 1, weakness stinger 1
a: no special abilities


You were on level 3 of the Dungeon.
You visited 1 branch of the dungeon, and saw 3 of its levels.

You collected 82 gold pieces.

Inventory:

Hand Weapons
 a - a +0 war axe (weapon)
Missiles
 d - 3 throwing nets (quivered)
Armour
 c - a +0 helmet (worn)
 e - a +0 pair of boots (worn)
 f - a +1 chain mail (worn)
 h - a +0 scale mail
Jewellery
 j - a ring of resist corrosion (left hand)
Wands
 i - a wand of flame (21)
Scrolls
 g - 2 scrolls of amnesia
Potions
 b - a potion of curing {unknown}
 l - a potion of flight {unknown}


   Skills:
 + Level 2.6 Fighting
 + Level 3.3 Axes
 - Level 1.7 Throwing
 + Level 0.9 Armour
 + Level 3.2 Dodging


You had 2 spell levels left.
You didn't know any spells.
Your spell library contained the following spells:

 Spells                   Type           Power      Damage    Failure   Level
 Pain                     Necr           0%         1d4       100%        1
 Summon Small Mammal      Summ           0%         N/A       100%        1
 Call Canine Familiar     Summ           0%         N/A       100%        3
 Ozocubu's Armour         Ice            0%         N/A       100%        3
 Summon Guardian Golem    Hex/Summ       0%         N/A       100%        3
 Agony                    Necr           0%         N/A       100%        5
 Excruciating Wounds      Necr           0%         N/A       100%        5
 Ozocubu's Refrigeration  Ice            0%         4d5       100%        7


Dungeon Overview and Level Annotations

Branches:
Dungeon (3/15)

Altars:

Shops:
D:2 ?


Innate Abilities, Weirdness & Mutations

A weak demonic guardian rushes to your aid.
You have a small tail.


Message History

You bump into the rock wall.
You bump into the rock wall.
You feel less confused.
You hear some strange, mumbled words.
A magic dart appears from out of thin air!
The magic dart hits you.
You miss something. You barely miss something. You hit the orc.
The orc hits you but does no damage. Something hits you but does no damage.
The orc hits you with a +0 club.
You closely miss the orc. You barely miss something.
Something hits you but does no damage. The orc hits you with a +0 club.
* * * LOW HITPOINT WARNING * * *
Something hits you.
* * * LOW HITPOINT WARNING * * *
You slash the orc!
You kill the orc!
You barely miss something. Something hits you but does no damage.
You hit the orc priest.
The orc priest is lightly wounded.
You hit something. Something hits you but does no damage.
The orc priest hits you but does no damage.
You hit the orc priest.
The orc priest is moderately wounded.
You closely miss something.
You hear some strange, mumbled words.
A magic dart appears from out of thin air!
The magic dart hits you.
* * * LOW HITPOINT WARNING * * *
A demonic guardian appears!
The orc priest hits you with a +0 whip.
* * * LOW HITPOINT WARNING * * *
Something hits you but does no damage.
The orc priest hits you but does no damage.
It was a potion of magic.
Magic courses through your body.
Your quasit closely misses something.
Your quasit misses something.
Your quasit barely misses something.
You hear some strange, mumbled words.
A puff of flame appears from out of thin air!
The puff of flame hits you.
You die...

#.or...#
.....###.#
... #<#.#
. #.#)#
#)#.#
#.#o#
#.#r#
#5#o#
#.{@#
#####


You could see an orc priest (ally target), an orc, a rat and a friendly quasit
(summoned).

Vanquished Creatures
  2 adders (D:2)
  3 dart slugs
  2 orcs (D:3)
  4 ball pythons
  A bat (D:2)
  3 endoplasms
  4 giant cockroaches
  4 goblins
  2 hobgoblins (D:1)
  3 frilled lizards
  6 kobolds
  3 rats
37 creatures vanquished.

Vanquished Creatures (others)
  A fungus (D:1)
1 creature vanquished.

Grand Total: 38 creatures vanquished

Notes
Turn   | Place    | Note
-------+----------+-------------------------------------------
     0 | D:1      | terff the Demonspawn Gladiator began the quest for the Orb.
     0 | D:1      | Reached XP level 1. HP: 16/16 MP: 1/1
   140 | D:1      | Gained mutation: You have a small tail. [demonic ancestry]
   140 | D:1      | Reached XP level 2. HP: 23/23 MP: 2/2
   696 | D:2      | Gained mutation: A weak demonic guardian rushes to your
                  | aid. [demonic ancestry]
   696 | D:2      | Reached XP level 3. HP: 28/28 MP: 3/3
   940 | D:2      | Found Suziud's Magic Scroll Shop.
  1514 | D:3      | Killed from afar by an orc wizard

Illustrated notes

Levels and vault maps discovered:
D:1:      eino_arrival_tree_alley, layout_rooms,
          shapermc_ecumenical_altar_acropolis
D:2:      layout_basic, serial_shops, nicolae_lakefront_shop,
          minmay_misc_feat_tiny
D:3:      cheibrodos_helix_gallery, layout_basic

Skill      XL: |  1  2 |
---------------+-------+-----
Dodging        | 3 |  3.2
Axes           | 3 |  3.3
Fighting       | |  2.6
Throwing       | |  1.7
Armour         | |  0.9

Action                   || total
-------------------------++-------
Melee: War axe           ||   105
       Tailslap          ||    16
Evoke: Wand              ||     1
  Use: Scroll            ||     4
       Potion            ||     2
Armor: Leather armour    ||     4
       Chain mail        ||    80
Dodge: Dodged            ||    36
